BR (22 & UNDER)
PITTSBURGH KILLA BEEZ @ SAN FRANCISCO MACHO MEN
07/10/2029
 
TOP OF THE 1ST
Pittsburgh Killa Beez batting - Pitching for San Francisco Macho Men : RHP Roger Oliver
Pitching: RHP Roger Oliver
Batting: RHB Víctor Ochoa 0-0: Ball
1-0: Called Strike
1-1: Ball
2-1: Swinging Strike
2-2: Strikes out swinging
Batting: SHB Ricardo Silva 0-0: SINGLE (Groundball, 3D)
Batting: RHB Tommy Smith 0-0: Fly out, F8 (Flyball, 89M)
Batting: LHB Chris Gibson 0-0: Called Strike
0-1: Called Strike
0-2: Ball
Pickoff Throw to First - Error! E1
Ricardo Silva to second
1-2: Ball
2-2: Ground out 4-3 (Groundball, 4)
Top of the 1st over - 0 runs, 1 hit, 1 error, 1 left on base; Pittsburgh 0 - San Francisco 0
BOTTOM OF THE 1ST
San Francisco Macho Men batting - Pitching for Pittsburgh Killa Beez : RHP Takuya Hayashi
Pitching: RHP Takuya Hayashi
Batting: RHB Manny Moreno 0-0: Ball
1-0: Fly out, F9 (Flyball, 89D)
Batting: RHB José Martínez 0-0: Ball
1-0: Hit by Pitch
Batting: LHB Ángel De Jesús 0-0: Ball
1-0: SINGLE (Groundball, 3D)
José Martínez to second
Runner from 2nd tries for 3rd, SAFE, no throw
Batting: RHB Rob Johnston 0-0: Called Strike
0-1: Foul Ball, location: 2F
0-2: Foul Ball, location: 2F
0-2: Foul Ball, location: 2F
0-2: Ball
1-2: Foul Ball, location: 2F
1-2: Ball
2-2: Ball
3-2: Ground out 5-3 (Groundball, 56S)
José Martínez scores
Ángel De Jesús to second
Batting: RHB Phil Rowlett 0-0: Ball
1-0: SINGLE (Groundball, 56D)
Ángel De Jesús to third
Runner from 3rd tries for Home, SAFE, no throw
Batting: RHB Nathan Taylor 0-0: Foul Ball, location: 2F
0-1: Ball
1-1: Ball
2-1: Ball
3-1: Fly out, F7 (Flyball, 78S)
Bottom of the 1st over - 2 runs, 2 hits, 0 errors, 1 left on base; Pittsburgh 0 - San Francisco 2
TOP OF THE 2ND
Pittsburgh Killa Beez batting - Pitching for San Francisco Macho Men : RHP Roger Oliver
Batting: RHB Javier Pérez 0-0: Called Strike
0-1: Swinging Strike
0-2: Foul Ball, location: 2F
0-2: Strikes out swinging
Batting: RHB Stephen Segura 0-0: Ball
1-0: Ground out 6-3 (Groundball, 6M)
Batting: LHB Brian Lawson 0-0: Called Strike
0-1: Fly out, F8 (Flyball, 78D)
Top of the 2nd over - 0 runs, 0 hits, 0 errors, 0 left on base; Pittsburgh 0 - San Francisco 2
BOTTOM OF THE 2ND
San Francisco Macho Men batting - Pitching for Pittsburgh Killa Beez : RHP Takuya Hayashi
Batting: RHB Ánibal López 0-0: Ground out 4-3 (Groundball, 4)
Batting: RHB Dave MacGruder 0-0: Ball
1-0: Ball
2-0: SINGLE (Line Drive, 4D)
Batting: RHB Lawrence Pérez 0-0: Ball
1-0: Ball
2-0: Called Strike
2-1: Foul Ball, location: 2F
2-2: Strikes out swinging
Batting: RHB Manny Moreno 0-0: Foul Ball, location: 2F
0-1: Ball
1-1: Ball
2-1: Ball
3-1: Swinging Strike
3-2: Foul Ball, location: 2F
3-2: Strikes out swinging
Bottom of the 2nd over - 0 runs, 1 hit, 0 errors, 1 left on base; Pittsburgh 0 - San Francisco 2
TOP OF THE 3RD
Pittsburgh Killa Beez batting - Pitching for San Francisco Macho Men : RHP Roger Oliver
Batting: SHB Manuel Cabrera 0-0: Called Strike
0-1: Ground out 4-3 (Groundball, 4)
Batting: RHB Alonso Sacco 0-0: Foul Ball, location: 2F
0-1: Swinging Strike
0-2: Fly out, F4 (Popup, 23)
Batting: RHB Víctor Ochoa 0-0: Ball
1-0: Ball
2-0: Ball
3-0: Called Strike
3-1: Base on Balls
Batting: SHB Ricardo Silva 0-0: Ball
Víctor Ochoa steals 2nd base
1-0: Called Strike
1-1: Foul Ball, location: 2F
1-2: Ground out 4-3 (Groundball, 4)
Top of the 3rd over - 0 runs, 0 hits, 0 errors, 1 left on base; Pittsburgh 0 - San Francisco 2
BOTTOM OF THE 3RD
San Francisco Macho Men batting - Pitching for Pittsburgh Killa Beez : RHP Takuya Hayashi
Batting: RHB José Martínez 0-0: Called Strike
0-1: Swinging Strike
0-2: Ground out 6-3 (Groundball, 6M)
Batting: LHB Ángel De Jesús 0-0: Ball
1-0: DOUBLE (Line Drive, 9LM)
Batting: RHB Rob Johnston 0-0: Ball
1-0: Foul Ball, location: 2F
1-1: SINGLE (Groundball, 34D)
Ángel De Jesús to third
Runner from 3rd tries for Home, SAFE, no throw
Batting: RHB Phil Rowlett 0-0: Ball
1-0: Ball
2-0: Called Strike
2-1: Called Strike
2-2: Foul Ball, location: 2F
2-2: Ball
3-2: SINGLE (Groundball, 34D)
Rob Johnston to second
Runner from 2nd tries for 3rd, SAFE, no throw
Batting: RHB Nathan Taylor 0-0: Ball
1-0: Swinging Strike
1-1: Ball
2-1: Ball
3-1: SINGLE (Groundball, 6MD)
Rob Johnston scores
Phil Rowlett to second
Batting: RHB Ánibal López 0-0: Called Strike
0-1: SINGLE (Line Drive, 8LS)
Phil Rowlett to third
Nathan Taylor to second
Batting: RHB Dave MacGruder 0-0: Ball
1-0: Ball
2-0: Called Strike
2-1: Called Strike
2-2: Strikes out looking
Batting: RHB Lawrence Pérez 0-0: Ball
1-0: GRAND SLAM HOME RUN (Flyball, 7LD), Distance : 349 ft
Batting: RHB Manny Moreno 0-0: Ball
1-0: Ball
2-0: Fly out, F5 (Line Drive, 5)
Bottom of the 3rd over - 6 runs, 6 hits, 0 errors, 0 left on base; Pittsburgh 0 - San Francisco 8
TOP OF THE 4TH
Pittsburgh Killa Beez batting - Pitching for San Francisco Macho Men : RHP Roger Oliver
Batting: RHB Tommy Smith 0-0: Ball
1-0: Called Strike
1-1: Swinging Strike
1-2: Strikes out swinging
Batting: LHB Chris Gibson 0-0: Fly out, F8 (Flyball, 8LM)
Batting: RHB Javier Pérez 0-0: Swinging Strike
0-1: Foul Ball, location: 2F
0-2: Strikes out swinging
Top of the 4th over - 0 runs, 0 hits, 0 errors, 0 left on base; Pittsburgh 0 - San Francisco 8
BOTTOM OF THE 4TH
San Francisco Macho Men batting - Pitching for Pittsburgh Killa Beez : RHP Takuya Hayashi
Batting: RHB José Martínez 0-0: SINGLE (Line Drive, 6D)
Batting: LHB Ángel De Jesús 0-0: Ball
1-0: Ball
2-0: Called Strike
2-1: Ball
3-1: DOUBLE (Line Drive, 7LS)
José Martínez to third
Batting: RHB Rob Johnston 0-0: Foul Ball, location: 2F
0-1: Foul Ball, location: 2F
0-2: Ball
1-2: Ball
2-2: 3-RUN HOME RUN (Flyball, 89D), Distance : 391 ft
Pitching: LHP Santiago Arredondo
Batting: RHB Phil Rowlett 0-0: Called Strike
0-1: Foul Ball, location: 2F
0-2: Ball
1-2: SOLO HOME RUN (Flyball, 9LD), Distance : 343 ft
Batting: RHB Nathan Taylor 0-0: Ball
1-0: Ground out 6-3 (Groundball, 6)
Batting: RHB Ánibal López 0-0: Ball
1-0: Ball
2-0: Ball
3-0: Foul Ball, location: 2F
3-1: Foul Ball, location: 2F
3-2: Foul Ball, location: 2F
3-2: Foul Ball, location: 2F
3-2: Strikes out looking
Batting: RHB Dave MacGruder 0-0: Ball
1-0: Ground out 4-3 (Groundball, 4S)
Bottom of the 4th over - 4 runs, 4 hits, 0 errors, 0 left on base; Pittsburgh 0 - San Francisco 12
TOP OF THE 5TH
Pittsburgh Killa Beez batting - Pitching for San Francisco Macho Men : RHP Roger Oliver
Batting: RHB Stephen Segura 0-0: Ball
1-0: Ball
2-0: Ball
3-0: Base on Balls
Batting: LHB Brian Lawson 0-0: Ball
1-0: Called Strike
1-1: Foul Ball, location: 2F
1-2: Fly out, F5 (Popup, 56S)
Batting: SHB Manuel Cabrera 0-0: Called Strike
0-1: Called Strike
0-2: Foul Ball, location: 2F
0-2: Ball
1-2: Ball
2-2: Foul Ball, location: 2F
2-2: Ball
3-2: Ground out 6-3 (Groundball, 6S)
Stephen Segura to second
Batting: RHB Alonso Sacco 0-0: Called Strike
0-1: Hit by Pitch
Batting: RHB Víctor Ochoa 0-0: Ball
1-0: Ball
2-0: Foul Ball, location: 2F
2-1: Called Strike
2-2: Ball
3-2: Strikes out swinging
Top of the 5th over - 0 runs, 0 hits, 0 errors, 2 left on base; Pittsburgh 0 - San Francisco 12
BOTTOM OF THE 5TH
San Francisco Macho Men batting - Pitching for Pittsburgh Killa Beez : LHP Santiago Arredondo
Batting: RHB Lawrence Pérez 0-0: Ball
1-0: Foul Ball, location: 2F
1-1: Foul Ball, location: 2F
1-2: Fly out, F7 (Line Drive, 7)
Batting: RHB Manny Moreno 0-0: Called Strike
0-1: Called Strike
0-2: Foul Ball, location: 2F
0-2: Ground out 5-3 (Groundball, 5S)
Batting: RHB José Martínez 0-0: Called Strike
0-1: Fly out, F6 (Line Drive, 6)
Bottom of the 5th over - 0 runs, 0 hits, 0 errors, 0 left on base; Pittsburgh 0 - San Francisco 12
TOP OF THE 6TH
Pittsburgh Killa Beez batting - Pitching for San Francisco Macho Men : RHP Roger Oliver
Batting: SHB Ricardo Silva 0-0: Ball
1-0: Ball
2-0: Called Strike
2-1: Foul Ball, location: 2F
2-2: Ground out 6-3 (Groundball, 6)
Batting: RHB Tommy Smith 0-0: Called Strike
0-1: Foul Ball, location: 2F
0-2: Foul Ball, location: 2F
0-2: Strikes out swinging
Batting: LHB Chris Gibson 0-0: Foul Ball, location: 2F
0-1: Ball
1-1: Ground out 6-3 (Groundball, 6)
Top of the 6th over - 0 runs, 0 hits, 0 errors, 0 left on base; Pittsburgh 0 - San Francisco 12
BOTTOM OF THE 6TH
San Francisco Macho Men batting - Pitching for Pittsburgh Killa Beez : LHP Santiago Arredondo
Batting: LHB Ángel De Jesús 0-0: Ball
1-0: Swinging Strike
1-1: Called Strike
1-2: Strikes out swinging
Batting: RHB Rob Johnston 0-0: Ball
1-0: DOUBLE (Line Drive, 8LXD)
Batting: RHB Phil Rowlett 0-0: Called Strike
0-1: Ball
1-1: Ball
2-1: Ball
Rob Johnston steals 3rd base
3-1: Foul Ball, location: 2F
3-2: SINGLE (Flyball, 8RS)
Rob Johnston scores
Batting: RHB Nathan Taylor 0-0: Foul Ball, location: 2F
0-1: Called Strike
0-2: Ball
1-2: Strikes out swinging
Batting: RHB Ánibal López 0-0: Called Strike
0-1: Foul Ball, location: 2F
0-2: Ball
1-2: Strikes out looking
Bottom of the 6th over - 1 run, 2 hits, 0 errors, 1 left on base; Pittsburgh 0 - San Francisco 13
TOP OF THE 7TH
Pittsburgh Killa Beez batting - Pitching for San Francisco Macho Men : RHP Roger Oliver
Batting: RHB Javier Pérez 0-0: Foul Ball, location: 2F
0-1: SINGLE (Groundball, 56D)
Pinch Hitting: RHB Inês Kappes 0-0: Ball
1-0: Foul Ball, location: 2F
1-1: Ball
2-1: Swinging Strike
2-2: Strikes out swinging
Batting: LHB Brian Lawson 0-0: Ball
1-0: Ball
2-0: Called Strike
2-1: Foul Ball, location: 2F
2-2: Foul Ball, location: 2F
2-2: Foul Ball, location: 2F
2-2: Strikes out swinging
Batting: SHB Manuel Cabrera 0-0: Ball
1-0: Called Strike
1-1: Foul Ball, location: 2F
1-2: Ball
Javier Pérez steals 2nd base
2-2: Strikes out swinging
Top of the 7th over - 0 runs, 1 hit, 0 errors, 1 left on base; Pittsburgh 0 - San Francisco 13
BOTTOM OF THE 7TH
San Francisco Macho Men batting - Pitching for Pittsburgh Killa Beez : LHP Santiago Arredondo
Now at 2B: Inês Kappes
Batting: RHB Dave MacGruder 0-0: Called Strike
0-1: Ball
1-1: Ball
2-1: Foul Ball, location: 2F
2-2: Strikes out swinging
Batting: RHB Lawrence Pérez 0-0: Ball
1-0: Called Strike
1-1: Swinging Strike
1-2: SINGLE (Groundball, 6D)
Pitching: RHP Fernando Pacheco
Batting: RHB Manny Moreno 0-0: Ball
1-0: Called Strike
1-1: Swinging Strike
1-2: Strikes out swinging
Batting: RHB José Martínez 0-0: Ball
1-0: Called Strike
1-1: Ball
2-1: Called Strike
2-2: Ball
3-2: Base on Balls
Lawrence Pérez to second
Batting: LHB Ángel De Jesús 0-0: Ball
1-0: Ball
2-0: DOUBLE (Groundball, 3L)
Lawrence Pérez scores
José Martínez to third
Runner from 3rd tries for Home, SAFE, no throw
Batting: RHB Rob Johnston 0-0: Ball
1-0: Ball
2-0: Ball
3-0: Called Strike
3-1: Foul Ball, location: 2F
3-2: Base on Balls
Batting: RHB Phil Rowlett 0-0: Called Strike
0-1: Foul Ball, location: 2F
0-2: Ground out 1-3 (Groundball, P)
Bottom of the 7th over - 2 runs, 2 hits, 0 errors, 2 left on base; Pittsburgh 0 - San Francisco 15
TOP OF THE 8TH
Pittsburgh Killa Beez batting - Pitching for San Francisco Macho Men : RHP Roger Oliver
Now at C: Jeff McQueen
Batting: RHB Alonso Sacco 0-0: SINGLE (Line Drive, 9S)
Batting: RHB Víctor Ochoa 0-0: Foul Ball, location: 2F
0-1: Foul Ball, location: 2F
0-2: Ball
1-2: Foul Ball, location: 2F
1-2: Ball
2-2: SINGLE (Groundball, 34D)
Alonso Sacco to second
Runner from 2nd tries for 3rd, SAFE, no throw
Batting: SHB Ricardo Silva 0-0: DOUBLE (Line Drive, 9LM)
Alonso Sacco scores
Víctor Ochoa to third
Batting: RHB Tommy Smith 0-0: Called Strike
0-1: Ground out 4-3 (Groundball, 4M)
Víctor Ochoa scores
Ricardo Silva to third
Batting: LHB Chris Gibson 0-0: Called Strike
0-1: Foul Ball, location: 2F
0-2: Ground out 1-3 (Groundball, 15)
Pitching: RHP Héctor Martínez
Batting: RHB Javier Pérez 0-0: Foul Ball, location: 2F
0-1: Ball
1-1: Reached via error on a dropped throw, E3
Ricardo Silva scores
Batting: RHB Inês Kappes 0-0: Ball
1-0: Called Strike
1-1: Ball
2-1: Ball
3-1: Base on Balls
Javier Pérez to second
Batting: LHB Brian Lawson 0-0: Ball
1-0: Foul Ball, location: 2F
1-1: Ball
2-1: Foul Ball, location: 2F
2-2: Foul Ball, location: 2F
2-2: Ball
3-2: Fly out, F5 (Line Drive, 5)
Top of the 8th over - 3 runs, 3 hits, 1 error, 2 left on base; Pittsburgh 3 - San Francisco 15
BOTTOM OF THE 8TH
San Francisco Macho Men batting - Pitching for Pittsburgh Killa Beez : RHP Fernando Pacheco
Batting: RHB Nathan Taylor 0-0: Ball
1-0: Swinging Strike
1-1: Swinging Strike
1-2: Foul Ball, location: 2F
1-2: Foul Ball, location: 2F
1-2: Ball
2-2: Ball
3-2: Strikes out swinging
Batting: RHB Ánibal López 0-0: Called Strike
0-1: Foul Ball, location: 2F
0-2: Fly out, F5 (Line Drive, 56)
Batting: RHB Dave MacGruder 0-0: Foul Ball, location: 2F
0-1: Ground out U3 (Groundball, 34S)
Bottom of the 8th over - 0 runs, 0 hits, 0 errors, 0 left on base; Pittsburgh 3 - San Francisco 15
TOP OF THE 9TH
Pittsburgh Killa Beez batting - Pitching for San Francisco Macho Men : RHP Héctor Martínez
Now at 2B: Armando Alomar
Batting: SHB Manuel Cabrera 0-0: Called Strike
0-1: Ball
1-1: Ball
2-1: SINGLE (Groundball, 6MD)
Batting: RHB Alonso Sacco 0-0: Grounds into double play, 6-4-3 (Groundball, 6)
Batting: RHB Víctor Ochoa 0-0: Ball
1-0: Ground out 4-3 (Groundball, 4S)
Top of the 9th over - 0 runs, 1 hit, 0 errors, 0 left on base; Pittsburgh 3 - San Francisco 15
Saturday, December 16th, 2017 - OOTP Baseball 18.8 Build 76